AoeStats
← Hachi

Pilgrims

509731334Analyzed
4v4 RM · 5d ago on Sep 27, 2026· 50m 20s· 8 players
Game mode
Random Map
Map size
Large (8 player)
Population
200
Speed
Normal
Resources
Standard
Victory
Conquest
Starting age
Dark Age
Ending age
Imperial Age
RankedLock teamsTeams togetherTeam positionsShared explorationLock speedFull tech treeHidden civsTurbo modeCheats
Victory
Defeat
🇵🇱 Mongols · Poland
818
+12
🇵🇱 Huns · Poland
787
+14
🇵🇹 Persians · Portugal
773
+14
🇫🇷 Britons · France
771
+14
🇨🇦 Franks · Canada
852
-18
🇹🇷 Huns · Türkiye
734
-18
🇹🇷 Britons · Türkiye
701
-12
🇹🇷 Persians · Türkiye
653
-10
yenepu
6:32 Loom
15:05 Feudal Age
16:12 Horse Collar
16:20 Double-Bit Axe
20:02 Arson
21:09 Fishing Lines
22:23 Stone Mining
24:28 Gold Mining
27:14 Castle Age
25:50 Wheelbarrow
27:11 Bloodlines
27:45 Elite Skirmisher
31:45 Hand Cart
31:49 Bow Saw
31:45 Heavy Plow
32:14 Gillnets
33:03 Fervor
36:48 Husbandry
38:06 Stone Shaft Mining
39:08 Pikeman
39:48 Squires
42:34 Scale Barding Armor
45:53 Forging
46:04 Chain Barding Armor
50:09 Caravan
Scout22562
5:09 Loom
16:05 Feudal Age
16:34 Horse Collar
17:22 Double-Bit Axe
18:57 Town Watch
23:47 Castle Age
25:49 Heavy Plow
31:44 Thumb Ring
33:40 Ballistics
34:35 Town Patrol
35:11 Wheelbarrow
35:46 Fletching
35:59 Padded Archer Armor
38:28 Bow Saw
38:13 Gold Mining
38:13 Stone Mining
38:51 Bodkin Arrow
39:12 Leather Archer Armor
41:56 Imperial Age
40:37 Hand Cart
41:18 Murder Holes
41:59 Elite Mangudai
45:28 Conscription
45:45 Onager
Rdal4
4:38 Loom
12:36 Feudal Age
15:42 Gold Mining
15:43 Stone Mining
16:34 Arson
16:10 Man-at-Arms
23:56 Forging
27:50 Castle Age
30:08 Iron Casting
33:42 Imperial Age
32:36 Scale Mail Armor
32:26 Fletching
32:36 Padded Archer Armor
35:56 Blast Furnace
35:11 Squires
35:11 Bodkin Arrow
35:32 Chain Mail Armor
35:39 Leather Archer Armor
36:50 Elite Longbowman
38:30 Bracer
39:10 Plate Mail Armor
40:06 Yeomen
40:41 Double-Bit Axe
40:40 Horse Collar
42:12 Conscription
42:35 Bow Saw
45:25 Ring Archer Armor
45:55 Wheelbarrow
45:05 Town Watch
46:29 Two-Man Saw
45:38 Heavy Plow
49:20 Long Swordsman
49:45 Gambesons
Hachi
9:48 Loom
15:31 Feudal Age
23:47 Forging
23:43 Scale Barding Armor
31:04 Bloodlines
36:12 Castle Age
36:55 Husbandry
37:44 Iron Casting
37:09 Scale Mail Armor
39:46 Light Cavalry
46:13 Chain Barding Armor
Rhii
11:12 Feudal Age
16:38 Padded Archer Armor
18:01 Fletching
19:20 Forging
22:25 Double-Bit Axe
22:48 Horse Collar
25:44 Castle Age
24:43 Gold Mining
25:54 Crossbowman
27:27 Bodkin Arrow
28:09 Iron Casting
27:50 Leather Archer Armor
29:08 Bodkin Arrow
HakkıManastırlı
24:26 Feudal Age
29:30 Wheelbarrow
28:45 Loom
BlackKnight_01
7:19 Loom
14:33 Feudal Age
17:04 Wheelbarrow
16:19 Double-Bit Axe
16:28 Gold Mining
16:31 Stone Mining
20:22 Fletching
20:38 Scale Barding Armor
20:44 Forging
23:55 Castle Age
26:07 Hand Cart
26:09 Bow Saw
26:38 Gold Shaft Mining
26:01 Bodkin Arrow
26:27 Chain Barding Armor
26:43 Iron Casting
34:26 Imperial Age
36:04 Plate Barding Armor
36:30 Blast Furnace
34:53 Cavalier
36:07 Conscription
42:24 Hoardings
47:42 Paladin
48:24 Husbandry
rosaceous
14:18 Feudal Age
20:14 Bloodlines
23:55 Horse Collar
24:06 Double-Bit Axe
Connection lost

Rejoining the realm…

Still unreachable

The connection could not be restored.

Session expired

The server has moved on; the page needs a fresh start.